 Dungeon Crawl Stone Soup version 0.25.1-9-gc5326a611f (webtiles) character file.

Game seed: 9201050538363942513

238 pokeman the Magician (level 5, -3/29 HPs)
             Began as a Deep Elf Wizard on Dec 22, 2020.
             Slain by a water moccasin (7 damage)
             ... on level 4 of the Dungeon.
             The game lasted 00:05:25 (3971 turns).

pokeman the Magician (Deep Elf Wizard)              Turns: 3971, Time: 00:05:26

Health: -3/29      AC:  3    Str:  4    XL:     5   Next: 78%
Magic:  7/16       EV: 13    Int: 24    God:
Gold:   216        SH:  0    Dex: 13    Spells: 6/17 levels left

rFire    . . .     SeeInvis .   (no weapon)
rCold    . . .     Gourm    .   (no shield)
rNeg     . . .     Faith    .   a - +0 robe
rPois    .         Spirit   .   h - +0 helmet
rElec    .         Reflect  .   (no cloak)
rCorr    .         Harm     .   (no gloves)
MR       .....                  (no boots)
Stlth    ++........             (no amulet)
HPRegen  0.09/turn              (no ring)
MPRegen  0.15/turn              (no ring)

@: no status effects
A: no striking features
a: no special abilities


You were on level 4 of the Dungeon.
You were very hungry.

You visited 1 branch of the dungeon, and saw 4 of its levels.

You collected 216 gold pieces.

Inventory:

Missiles
 g - 31 bolts
 o - 7 arrows
Armour
 a - a +0 robe (worn)
 h - a +0 helmet (worn)
Jewellery
 i - an uncursed ring of ice
Scrolls
 b - a scroll of blinking {unknown}
 c - a scroll of teleportation {unknown}
 e - 2 scrolls of identify {unknown}
 j - 2 scrolls of enchant weapon {unknown}
 k - a scroll of remove curse {unknown}
 l - 2 scrolls of immolation {unknown}
 n - a scroll of amnesia {unknown}
 p - a scroll of magic mapping {unknown}
Potions
 f - 2 potions of brilliance {unknown}
 m - a potion of experience {unknown}
 q - a potion of heal wounds {unknown}
 r - a potion of degeneration {unknown}
Comestibles
 d - 5 rations


   Skills:
 - Level 1.0 Fighting
 - Level 1.0 Armour
 - Level 3.3 Dodging
 + Level 2.5 Stealth
 * Level 6.6 Spellcasting
 + Level 2.9 Conjurations
 - Level 1.1 Summonings
 - Level 1.1 Translocations
 - Level 1.0 Fire Magic
 - Level 1.1 Air Magic
 + Level 0.1 Poison Magic


You had 6 spell levels left.
You knew the following spells:

 Your Spells              Type           Power        Failure   Level  Hunger
a - Magic Dart            Conj           ###.         2%          1    None
b - Mephitic Cloud        Conj/Pois/Air  ##......     13%         3    None
c - Call Imp              Summ           ##......     7%          2    None
d - Blink                 Tloc           N/A          7%          2    None
e - Conjure Flame         Conj/Fire      ###.....     10%         3    None

Your spell library contained the following spells:

 Spells                   Type           Power        Failure   Level  Hunger
 Slow                     Hex            #.......     12%         2    None


Dungeon Overview and Level Annotations

Branches:
Dungeon (4/15)
 Temple: D:4-7

Altars:
Zin


Message History

The water moccasin is severely wounded.
The water moccasin bites you. x2
* * * LOW HITPOINT WARNING * * *
Casting: Magic Dart (safe; 2% risk of failure)
Confirm with . or Enter, or press ? or * to list all spells.
Aiming: Magic Dart (safe; 2% risk of failure)
Press: ? - help, Shift-Dir - straight line, f/p - water moccasin
Aim: a water moccasin (severely wounded)
The magic dart hits the water moccasin!
The water moccasin is almost dead.
The water moccasin bites you but does no damage.
Casting: Magic Dart (safe; 2% risk of failure)
Confirm with . or Enter, or press ? or * to list all spells.
Aiming: Magic Dart (safe; 2% risk of failure)
Press: ? - help, Shift-Dir - straight line, f/p - water moccasin
Aim: a water moccasin (almost dead)
The magic dart hits the water moccasin.
The water moccasin is almost dead.
The water moccasin closely misses you. The water moccasin bites you!
You die...

#.........[....#######...
#..........##### ..
#..........## #
#...........####
#..............#
######.....#....
#.......... #.....###..
###@### #S# #h# #.# #..
... ... ....


You could see a water moccasin and a howler monkey.

Vanquished Creatures
  Grinder (D:3)
  4 adders
  An ooze (D:2)
  An adder skeleton (D:4)
  A worm (D:3)
  3 dart slugs
  3 leopard geckos
  An orc (D:3)
  2 ball pythons (D:3)
  4 giant cockroaches
  8 goblins
  12 hobgoblins
  4 jackals (D:3)
  A quokka (D:3)
  9 bats
  3 frilled lizards (D:2)
  9 kobolds
  13 rats
80 creatures vanquished.

Vanquished Creatures (collateral kills)
  A leopard gecko (D:2)
1 creature vanquished.

Vanquished Creatures (others)
  A kobold (D:3)
1 creature vanquished.

Grand Total: 82 creatures vanquished

Notes
Turn   | Place    | Note
-------+----------+-------------------------------------------
     0 | D:1      | pokeman the Deep Elf Wizard began the quest for the Orb.
     0 | D:1      | Reached XP level 1. HP: 10/10 MP: 7/7
   215 | D:1      | Reached XP level 2. HP: 15/15 MP: 5/9
   620 | D:1      | Reached skill level 5 in Spellcasting
   782 | D:1      | Reached XP level 3. HP: 18/20 MP: 7/11
   787 | D:1      | Learned a level 3 spell: Mephitic Cloud
   790 | D:1      | Learned a level 2 spell: Call Imp
   793 | D:1      | Learned a level 2 spell: Blink
   797 | D:1      | Learned a level 3 spell: Conjure Flame
  1365 | D:2      | Reached skill level 1 in Armour
  1391 | D:2      | Reached skill level 1 in Fighting
  1634 | D:2      | Reached XP level 4. HP: 25/25 MP: 10/13
  2133 | D:2      | You fall into a shaft and drop 2 floors!
  2480 | D:3      | Found a glowing silver altar of Zin.
  3150 | D:3      | Reached skill level 1 in Fire Magic
  3450 | D:3      | Noticed Grinder
  3451 | D:3      | Paralysed by Grinder for 6 turns
  3466 | D:3      | Killed Grinder
  3466 | D:3      | Reached skill level 6 in Spellcasting
  3466 | D:3      | Reached skill level 1 in Air Magic
  3466 | D:3      | Reached XP level 5. HP: 29/29 MP: 10/16
  3961 | D:4      | Noticed a water moccasin
  3971 | D:4      | Slain by a water moccasin

Illustrated notes

Levels and vault maps discovered:
D:1:      minmay_arrival_arboretum_small, layout_loops_ring
D:2:      layout_loops_cross
D:3:      layout_loops_ring, zin_scriptorium, lemuel_old_faithful, uniq_grinder
D:4:      layout_rooms, nicolae_overflow_hidden_temple, serial_shops,
          kennysheep_mini_moat, nicolae_shop_overgrown_old_shop, first_ration

Skill      XL: |  1  2  3  4 |
---------------+-------------+-----
Spellcasting   | 5 6 |  6.6
Armour         | 1 |  1.0
Conjurations   | 2 |  2.9
Fighting       | 1 |  1.0
Fire Magic     | 1 |  1.0
Dodging        | 3 |  3.3
Air Magic      | 1 |  1.1
Stealth        | |  2.5
Summonings     | |  1.1
Translocations | |  1.1
Poison Magic   | |  0.1

Action                   |  1- 3 |  4- 6 || total
-------------------------+-------+-------++-------
Melee: Unarmed           |    14 |       ||    14
 Cast: Magic Dart        |    92 |   100 ||   192
       Call Imp          |     1 |     1 ||     2
  Eat: Chunk             |     2 |     6 ||     8
Armor: Robe              |     4 |     4 ||     8
Dodge: Dodged            |    29 |    17 ||    46
